 Dungeon Crawl Stone Soup version 0.31-a0-1237-gabc64e778c (webtiles) character file.

Game seed: 13958552488525400219

520 bmb222 the Covered (level 7, -10/41 HPs)
             Began as a Gargoyle Delver on Dec 15, 2023.
             Mangled by an ogre
             ... wielding a +0 giant club
              (16 damage)
             ... on level 5 of the Dungeon.
             The game lasted 00:04:10 (3482 turns).

bmb222 the Covered (Gargoyle Delver)                Turns: 3482, Time: 00:04:11

Health: -10/41     AC: 18    Str: 17    XL:     7   Next: 21%
Magic:  7/7        EV: 10    Int: 11    God:
Gold:   355        SH:  0    Dex: 11    Spells: 6/6 levels left

rFire   + . .        m - +0 whip (elec)
rCold   . . .        (no shield)
rNeg    + . .        k - +0 scale mail
rPois   ∞            r - +0 helmet
rElec   +            s - +2 cloak
rCorr   .            (no gloves)
SInv    .            z - +0 pair of boots
Will    +....        (no amulet)
Stlth   ++           i - ring of protection from fire
HPRegen 0.26/turn    A - ring of willpower
MPRegen 0.10/turn

%: no passive effects
@: no status effects
A: sickness immunity, AC +4, negative energy resistance 1, electricity
resistance, torment resistance 1, petrification resistance
a: no special abilities


You were on level 5 of the Dungeon.
You visited 1 branch of the dungeon, and saw 5 of its levels.

You collected 355 gold pieces.

Inventory:

Hand Weapons
 a - a +0 mace
 m - a +0 whip of electrocution (weapon)
Missiles
 t - 3 atropa-tipped darts (quivered)
Armour
 b - a +0 leather armour
 k - a +0 scale mail (worn)
 r - a +0 helmet (worn)
 s - a +2 cloak (worn)
 z - a +0 pair of boots (worn)
Jewellery
 i - a ring of protection from fire (left hand)
 A - a ring of willpower (right hand)
 E - an amulet of guardian spirit
Talismans
 x - a serpent talisman
Wands
 g - a wand of digging (3)
Scrolls
 c - 3 scrolls of fog
 d - a scroll of revelation
 e - 2 scrolls of fear
 h - a scroll of brand weapon {unknown}
 p - a scroll of enchant weapon {unknown}
 q - a scroll of amnesia {unknown}
 w - a scroll of silence {unknown}
 y - a scroll of immolation {unknown}
 B - a scroll of identify {unknown}
 C - 2 scrolls of vulnerability {unknown}
 D - a scroll of acquirement {unknown}
 F - a scroll of teleportation {unknown}
Potions
 f - 3 potions of haste
 j - 2 potions of enlightenment {unknown}
 l - 3 potions of invisibility {unknown}
 n - 4 potions of mutation {unknown}
 o - a potion of magic {unknown}
 u - a potion of resistance {unknown}
 v - a potion of curing {unknown}


   Skills:
 - Level 3.4 Fighting
 - Level 2.1 Maces & Flails
 * Level 7.6 Armour
 - Level 1.6 Dodging
 - Level 5.8 Stealth


You had 6 spell levels left.
You didn't know any spells.
Your spell library contained the following spells:

 Spells                   Type           Power      Damage    Failure   Level
 Ensorcelled Hibernation  Hex/Ice        0%         N/A       83%         2
 Jinxbite                 Hex            0%         N/A       83%         2
 Stone Arrow              Conj/Erth      0%         3d7       97%         3
 Anguish                  Hex/Necr       0%         N/A       100%        4
 Animate Armour           Summ/Erth      0%         N/A       100%        4
 Lehudib's Crystal Spear  Conj/Erth      0%         10d2      100%        8


Dungeon Overview and Level Annotations

Branches:
Dungeon (5/15)
 Temple: D:4-7

Altars:
Ashenzari
Cheibriados
Gozag
Qazlal
Uskayaw


Innate Abilities, Weirdness & Mutations

You are immune to sickness and miasma.
Your stone body is resilient. (AC +4)
You are immune to poison.
You resist negative energy. (rN+)
You are resistant to electric shocks. (rElec)
You are resistant to unholy torment.
You are immune to petrification.


Message History

No target in view!
No target in view!
Found a stormy altar of Qazlal.
Found a broken altar of Ashenzari.
What level of the Dungeon? (default 4, ? - help)
There is a large open translucent door here.
There is an open door here.
You open the door.
There is an open door here.
There is a stone staircase leading down here.
You climb downwards.
Found 28 gold pieces.
There is a stone staircase leading up here.
You now have 335 gold pieces (gained 8).
You now have 355 gold pieces (gained 20).
C - 2 scrolls labelled ZODIXA TEFONIRR (gained 1)
F - a scroll labelled TIOTIHEAKU No target in view!
No target in view!
No target in view!
You whack the ogre!
The ogre is moderately wounded.
The ogre hits you with a +0 giant club!!
Ouch! That really hurt!
You are too injured to fight recklessly!
You are too injured to fight recklessly!
You are too injured to fight recklessly!
You are too injured to fight recklessly!
You are too injured to fight recklessly!
You are too injured to fight recklessly!
You hit the ogre.
The ogre is moderately wounded.
You hit the ogre.
The ogre is moderately wounded.
The ogre hits you with a +0 giant club!
* * * LOW HITPOINT WARNING * * *
You hit the ogre.
The ogre is heavily wounded.
The ogre hits you with a +0 giant club!
You die...

#.##<..#####.# #>...# ####.##
#.###.## #.##.# #...... #.# #.#
####.##.###.##.## #.# #.# ## #
#...........##...
#.###.##.###.##.##.##..........
#.##....#..........######.###.#
###.##...###.#.##.#### ##.###.#
........## #..##.#### ##...##.#
.##.##.#.###.#.O@....#
#....##.# ...##.##.#.#####.##.#
#....##.# .#####.###.######.# #
#.#####.# #.# #........# #.#
#.# #.# ########## #.# #.# #..
#<#####.. ##. #........
#########


You could see an ogre.

Vanquished Creatures
  Sigmund (D:2)
  A scorpion (D:3)
  A wight (D:4)
  A howler monkey (D:4)
  A hound (D:4)
  Terence (D:3)
  An orc wizard (D:4)
  5 adders
  A dart slug (D:3)
  8 orcs
  6 ball pythons
  6 bats
  6 endoplasms
  3 giant cockroaches
  3 goblins
  7 hobgoblins
  3 jackals (D:1)
  3 quokkas
  6 frilled lizards
  7 kobolds
  A rat (D:2)
72 creatures vanquished.

Notes
Turn   | Place    | Note
-------+----------+-------------------------------------------
     0 | D:5      | bmb222 the Gargoyle Delver began the quest for the Orb.
     0 | D:5      | Reached XP level 1. HP: 14/14 MP: 1/1
    47 | D:5      | Reached XP level 2. HP: 9/19 MP: 2/2
   184 | D:5      | Noticed a centaur
   296 | D:5      | Noticed an ogre
   352 | D:4      | Noticed a wight
   540 | D:4      | Found a large runed translucent door.
   541 | D:4      | Found a large runed translucent door.
   594 | D:3      | Noticed Terence
   685 | D:3      | Noticed a scorpion
   833 | D:2      | Reached skill level 1 in Armour
   994 | D:1      | Reached XP level 3. HP: 23/23 MP: 3/3
  1052 | D:1      | Reached skill level 2 in Armour
  1746 | D:2      | Noticed Sigmund
  1763 | D:2      | Found a faded altar of an unknown god.
  1769 | D:2      | Killed Sigmund
  1770 | D:2      | Reached skill level 5 in Armour
  1770 | D:2      | Reached XP level 4. HP: 21/28 MP: 4/4
  1770 | D:2      | Reached XP level 5. HP: 24/32 MP: 5/5
  2128 | D:3      | Reached skill level 6 in Armour
  2128 | D:3      | Reached XP level 6. HP: 37/37 MP: 6/6
  2391 | D:3      | Found a hide-covered altar of Uskayaw.
  2760 | D:3      | Killed Terence
  2844 | D:4      | Found an opulent altar of Gozag.
  3038 | D:4      | Reached skill level 7 in Armour
  3038 | D:4      | Reached XP level 7. HP: 22/41 MP: 7/7
  3184 | D:4      | Found a snail-covered altar of Cheibriados.
  3405 | D:4      | Found a stormy altar of Qazlal.
  3410 | D:4      | Found a broken altar of Ashenzari.
  3482 | D:5      | Mangled by an ogre

Illustrated notes

Levels and vault maps discovered:
D:1:      minmay_arrival_stair_chambers, layout_basic, minmay_quantized
D:2:      layout_basic, shapermc_ecumenical_altar_venn, uniq_sigmund
D:3:      minmay_chambers_of_twos, layout_loops_cross,
          eat_drink_and_be_merry_uskayaw, uniq_terence
D:4:      layout_basic, nicolae_gozag_seed_capital, kennysheep_mini,
          jmf_multi_god_temple2, minmay_bisected
D:5:      cheibrodos_quashed, layout_loops_ring, nicolae_vehumet_radiance,
          uniq_crazy_yiuf_cottage

Skill      XL: |  1  2  3  4  5  6 |
---------------+-------------------+-----
Armour         | 1 5 6 7 |  7.6
Fighting       | |  3.4
Maces & Flails | |  2.1
Dodging        | |  1.6
Stealth        | |  5.8

Action                     |  1- 3 |  4- 6 |  7- 9 || total
---------------------------+-------+-------+-------++-------
  Melee: Mace              |    25 |       |       ||    25
         Punch             |     4 |     3 |     1 ||     8
         Whip              |    88 |   134 |    30 ||   252
   Stab: Sleeping          |     4 |     3 |       ||     7
 Armour: Leather armour    |    19 |       |       ||    19
         Scale mail        |    62 |   119 |    15 ||   196
  Dodge: Dodged            |    64 |    71 |    17 ||   152

Table legend: (Time is in decaauts)
 A = Elapsed time spent in this place.
 B = Non-inter-level travel time spent in this place.
 C = Inter-level travel time spent in this place.
 D = Time resting spent in this place.
 E = Time spent auto-exploring this place.
 F = Levels seen in this place.
 G = Mean time per level.
                   A        B        C        D        E       F      G
               +--------+--------+--------+--------+--------+-----+--------+
         Total |   3486 |   3270 |    216 |     58 |   2298 |   5 |  697.2 |
       Dungeon |   3486 |   3270 |    216 |     58 |   2298 |   5 |  697.2 |
               +--------+--------+--------+--------+--------+-----+--------+

Top non-repeatable levels by time:
     D:4: 889 daAuts
     D:3: 822 daAuts
     D:1: 712 daAuts
     D:2: 691 daAuts
     D:5: 371 daAuts
